 Dungeon Crawl Stone Soup version 0.23.0-3-gf3c87f2 (webtiles) character file.

Game seed: 1675738215859177341

29 vishdafish the Skirmisher (level 3, 26/29 HPs)
             Began as a Demonspawn Fighter on Feb 22, 2019.
             Quit the game on level 1 of the Dungeon.
             The game lasted 00:00:41 (704 turns).

vishdafish the Skirmisher (Demonspawn Fighter)       Turns: 704, Time: 00:00:42

Health: 26/29      AC:  6    Str: 16    XL:     3   Next: 1%
Magic:  3/3        EV:  7    Int: 15    God:
Gold:   64         SH:  9    Dex: 14    Spells: 2/2 levels left

rFire    . . .     SeeInvis .   a - +0 long sword
rCold    . . .     Gourm    .   c - +0 shield
rNeg     . . .     Faith    .   b - +0 scale mail
rPois    .         Spirit   .   (no helmet)
rElec    .         Reflect  .   (no cloak)
rCorr    .         Harm     .   (no gloves)
MR       .....                  (no boots)
Stlth    +.........             (no amulet)
HPRegen  0.09/turn              (no ring)
MPRegen  0.08/turn              (no ring)

@: brilliant
A: thin skeletal structure 1, demonic guardian 1
a: no special abilities


You were on level 1 of the Dungeon.
You were not hungry.

You visited 1 branch of the dungeon, and saw 1 of its levels.

You collected 64 gold pieces.

Inventory:

Hand Weapons
 a - a +0 long sword (weapon)
Armour
 b - a +0 scale mail (worn)
 c - a +0 shield (worn)
Scrolls
 g - a scroll of fear {unknown}
 j - a scroll of blinking {unknown}
 k - a scroll of amnesia {unknown}
 l - a scroll of remove curse {unknown}
 m - a scroll of random uselessness {unknown}
 o - a scroll of immolation {unknown}
Potions
 d - a potion of might
 h - a potion of flight {unknown}
 i - a potion of haste {unknown}
 n - a potion of berserk rage {unknown}
Comestibles
 f - 3 rations


   Skills:
 + Level 3.4 Fighting
 + Level 2.2 Long Blades
 + Level 3.0 Armour
 + Level 0.3 Dodging
 + Level 2.8 Shields


You had 2 spell levels left.
You didn't know any spells.
Your spell library was empty.

Dungeon Overview and Level Annotations

Branches:
Dungeon (1/15)

Altars:


Innate Abilities, Weirdness & Mutations

You have a somewhat thin skeletal structure. (Dex +2, Stealth)
A weak demonic guardian rushes to your aid.


Message History

A bat comes into view.
There is an open door here.
Found 13 gold pieces.
The bat barely misses you.
You hit the bat.
You kill the bat!
The hobgoblin barely misses you.
You riposte.
You hit the hobgoblin.
The hobgoblin is moderately wounded.
The hobgoblin hits you but does no damage.
You slash the hobgoblin!
You kill the hobgoblin!
Your Armour skill increases to level 3!
You have reached level 3!
Your experience leads to an increase in your attributes!
Increase (S)trength, (I)ntelligence, or (D)exterity?
You feel clever.
Your demonic ancestry asserts itself...
You feel the presence of a demonic guardian.
It was a potion of brilliance.
You feel clever all of a sudden.
Are you sure you want to abandon this character and quit the game? (Confirm with "yes".)

#.....# . #########
##.....# ...... #.....
.#.....###
#####...$...####.####
.......... .......
............ ........#
###...#.##.##..##)#.##
#.#####..[
................†....
#.# #.######.....#
#..####.#### #.##
#.#........).#
#..#.#...#.# #..#
#.#.###...@..#
#..##.....## ##.##
#.....#......#
#..#...(...#
##..###.....#.#'#..#
#......#(...
............#
#.#..###..#.......#
###..##.....#
#.#....#..##.....##
##.##.....#
#....#.#..#.#...#.#
#.##....>#
#....+....####.####
#..#(....#
#....#.#...........
##.#.###.#
#.####.#...........


There were no monsters in sight!

Vanquished Creatures
  A dart slug (D:1)
  2 leopard geckos (D:1)
  A ball python (D:1)
  A bat (D:1)
  3 goblins (D:1)
  2 hobgoblins (D:1)
  4 jackals (D:1)
  2 kobolds (D:1)
  3 frilled lizards (D:1)
  4 rats (D:1)
23 creatures vanquished.

Notes
Turn   | Place    | Note
-------+----------+-------------------------------------------
     0 | D:1      | vishdafish the Demonspawn Fighter began the quest for the
                  | Orb.
     0 | D:1      | Reached XP level 1. HP: 18/18 MP: 1/1
   123 | D:1      | Gained mutation: You have a somewhat thin skeletal
                  | structure. (Dex +2, Stealth) [demonic ancestry]
   123 | D:1      | Reached XP level 2. HP: 9/24 MP: 2/2
   701 | D:1      | Gained mutation: A weak demonic guardian rushes to your
                  | aid. [demonic ancestry]
   701 | D:1      | Reached XP level 3. HP: 26/29 MP: 3/3
   704 | D:1      | Quit the game

Skill      XL: |  1  2 |
---------------+-------+-----
Long Blades    | 2 |  2.2
Armour         | 3 |  3.0
Fighting       | |  3.4
Dodging        | |  0.3
Shields        | |  2.8

Action                   || total
-------------------------++-------
Melee: Long sword        ||    71
  Use: Potion            ||     1
Armor: Scale mail        ||    39
Dodge: Dodged            ||    24
Block: Shield            ||    34
       Rpst.: Long sword ||     7
